 Dungeon Crawl Stone Soup version 0.30.1-11-g7821555f0a (webtiles) character file.

Game seed: 6607106317717085148

781 H0rd4k the Slasher (level 8, 0/58 HPs)
             Began as a Human Artificer on Nov 7, 2023.
             Was an Initiate of Gozag.
             Splashed by a jelly's acid (9 damage)
             ... on level 5 of the Dungeon.
             The game lasted 00:06:13 (5885 turns).

H0rd4k the Slasher (Human Artificer)                Turns: 5885, Time: 00:06:14

Health: 0/58       AC:  2    Str: 11 (13) XL:     8   Next: 11%
Magic:  8/8        EV:  9    Int: 13 (14) God:    Gozag
Gold:   333        SH:  0    Dex: 12 (13) Spells: 7/7 levels left

rFire   + . .        m - +0 falchion
rCold   x . .        (no shield)
rNeg    . . .        l - +0 scale mail
rPois   .            v - +1 hat
rElec   .            (no cloak)
rCorr   .            r - +2 pair of gloves
SInv    .            (no boots)
Will    .....        (no amulet) Stlth
                     k - ring of flight
HPRegen 0.29/turn    b - ring of fire
MPRegen 0.11/turn

%: no passive effects
@: corroded, flying
A: talons 1, no potion heal 1
a: Renounce Religion, Potion Petition, Call Merchant, Bribe Branch


You were on level 5 of the Dungeon.
You worshipped Gozag.
Gozag was aware of your devotion.
You visited 2 branches of the dungeon, and saw 6 of its levels.
You also visited: Sewer.

You collected 401 gold pieces.
You paid 68 gold pieces to Gozag.

Inventory:

Hand Weapons
 m - a +0 falchion (weapon)
Missiles
 w - 6 poisoned darts
 y - a throwing net
Armour
 l - a +0 scale mail (worn)
 r - a +2 pair of gloves (worn)
 v - a +1 hat (worn)
Jewellery
 b - a ring of fire (right hand)
 k - a ring of flight (left hand)
 B - a +5 ring of evasion
Wands
 d - a wand of charming (9)
 e - a wand of iceblast (10)
 J - a wand of paralysis (1)
Scrolls
 f - a scroll of poison {unknown}
 g - a scroll of fog {unknown}
 i - 5 scrolls of blinking
 j - 4 scrolls of identify {unknown}
 n - 2 scrolls of butterflies {unknown}
 s - a scroll of silence {unknown}
 t - 2 scrolls of immolation {unknown}
 u - 2 scrolls of torment {unknown}
 x - a scroll of vulnerability {unknown}
 A - a scroll of enchant weapon {unknown}
 C - a scroll of noise {unknown}
 E - a scroll of teleportation {unknown}
 F - a scroll of brand weapon {unknown}
 H - a scroll of fear {unknown}
 I - 3 scrolls of amnesia {unknown}
Potions
 a - 2 potions of magic
 o - 2 potions of flight {unknown}
 p - a potion of haste
 q - a potion of brilliance {unknown}
 z - a potion of ambrosia {unknown}
 D - a potion of heal wounds {unknown}
 G - a potion of invisibility {unknown}


   Skills:
 + Level 3.2 Fighting
 + Level 5.6 Long Blades
 + Level 1.4 Maces & Flails
 - Level 2.0 Armour
 + Level 3.8 Dodging
 - Level 1.0 Stealth
 + Level 4.2 Evocations


You had 7 spell levels left.
You didn't know any spells.
Your spell library contained the following spells:

 Spells                   Type           Power      Damage    Failure   Level
 Freeze                   Ice            0%         1d3       87%         1
 Lesser Beckoning         Tloc           0%         N/A       95%         2
 Frozen Ramparts          Ice            0%         1d1       99%         3
 Gell's Gravitas          Tloc           0%         N/A       99%         3
 Hailstorm                Conj/Ice       0%         3d3       99%         3
 Inner Flame              Hex/Fire       0%         N/A       99%         3
 Teleport Other           Tloc           0%         N/A       99%         3
 Yara's Violent Unravell  Hex/Tmut       0%         3d3       100%        5
 Enfeeble                 Hex            0%         N/A       100%        7


Dungeon Overview and Level Annotations

Branches:
Dungeon (5/15)             Temple (1/1) D:4           Sewer (visited)

Altars:
Ashenzari
Cheibriados
Dithmenos
Elyvilon
Fedhas
Gozag
Hepliaklqana
Makhleb
Nemelex Xobeh
Okawaru
Qazlal
Ru
Sif Muna
Uskayaw
Wu Jian
Xom
Yredelemnul
Zin
The Shining One

Shops:
D:3 (


Innate Abilities, Weirdness & Mutations

You have sharp toenails.
Potions are less effective at restoring your health.


Message History

You hit the jelly. The acid corrodes you!
Your hands burn!
You claw the jelly.
You kill the jelly!
You now have 333 gold pieces (gained 7).
You are no longer corroded.
Found an escape hatch in the floor.
Found an escape hatch in the ceiling.
A white imp comes into view.
The white imp shouts!
A white imp is nearby!
A white imp is nearby!
A jelly comes into view.
The jelly quivers.
The white imp disappears for a moment.
The white imp hits you but does no damage.
You closely miss the white imp. Your kick misses the white imp.
The white imp barely misses you.
You hit the jelly. The acid corrodes you!
Your hands burn!
You claw the jelly, but do no damage.
The jelly is lightly wounded.
The jelly hits you.
You are splashed with acid.
The white imp hits you but does no damage.
You hit the jelly but do no damage.
Your hands burn!
You claw the jelly.
The jelly is moderately wounded.
The jelly hits you.
You are splashed with acid!
The white imp gestures at you. The puff of frost hits you!
You feel a terrible chill!
You slash the jelly!
Your hands burn!
The jelly is almost dead.
The jelly hits you. The acid corrodes you!
You are splashed with acid.
The white imp hits you.
* * * LOW HITPOINT WARNING * * *
The white imp freezes you.
You feel a terrible chill!
* * * LOW HITPOINT WARNING * * *
Aiming: Charm
Press: ? - help, Shift-Dir - straight line, f - white imp
Aim: a white imp (chance to affect: 67%)
The white imp struggles to resist.
The jelly hits you.
* * * LOW HITPOINT WARNING * * *
You are splashed with acid!
You die...
Your body crumbles into a pile of gold.

#.#
#.##.######.####.
#.###.##.# #.# #.
#........# #.# #.
#####.#### #+# #.
##.# #. #..# #.
#..## ##
##...####
#.@.....+ +
#J5..#### #
#<..## #...#
..... .......
....... ##....###
$


You could see a jelly and a white imp.

Vanquished Creatures
  A black bear (D:3)
  Blork the orc (D:4)
  2 bullfrogs (Sewer)
  A howler monkey (D:4)
  A hound (D:3)
  2 jellies (D:5)
  An orc priest (D:5)
  An iguana (D:4)
  2 orc wizards (D:5)
  5 gnolls
  11 adders
  An ufetubus (D:4)
  A worm (D:2)
  3 dart slugs (D:3)
  An orc (D:5)
  2 endoplasms
  11 giant cockroaches
  3 goblins
  3 hobgoblins
  2 jackals (D:2)
  7 quokkas
  12 ball pythons
  8 bats
  14 frilled lizards
  2 kobolds
  3 rats
101 creatures vanquished.

Vanquished Creatures (collateral kills)
  3 gnolls (D:3)
  A quokka (D:3)
4 creatures vanquished.

Vanquished Creatures (others)
  An adder (D:5)
1 creature vanquished.

Grand Total: 106 creatures vanquished

Notes
Turn   | Place    | Note
-------+----------+-------------------------------------------
     0 | D:1      | H0rd4k the Human Artificer began the quest for the Orb.
     0 | D:1      | Reached XP level 1. HP: 15/15 MP: 1/1
   641 | D:1      | Reached XP level 2. HP: 17/21 MP: 2/2
  1419 | D:2      | Reached XP level 3. HP: 20/26 MP: 3/3
  1921 | D:3      | Found Effotsip's Weapon Emporium.
  2064 | D:3      | Noticed a black bear
  2111 | D:3      | Killed a black bear
  2112 | D:3      | Reached skill level 1 in Long Blades
  2112 | D:3      | Reached skill level 1 in Maces & Flails
  2112 | D:3      | Reached XP level 4. HP: 26/33 MP: 4/4
  2112 | D:3      | Reached XP level 5. HP: 30/38 MP: 5/5
  2187 | D:3      | Reached skill level 2 in Long Blades
  2339 | D:3      | Found a broken altar of Ashenzari.
  2477 | D:3      | Found a glowing drain.
  2491 | D:3      | Reached XP level 6. HP: 34/44 MP: 6/6
  2499 | Sewer    | Entered a sewer
  2793 | Sewer    | Reached skill level 3 in Long Blades
  2969 | Sewer    | Reached XP level 7. HP: 35/51 MP: 7/7
  3243 | D:3      | Reached skill level 4 in Long Blades
  3765 | D:4      | Found a staircase to the Ecumenical Temple.
  3818 | D:4      | Found an ornate altar of the Wu Jian Council.
  3842 | Temple   | Entered the Ecumenical Temple
  4027 | Temple   | Became a worshipper of Gozag Ym Sagoz the Greedy
  4096 | D:4      | Found a shimmering altar of Xom.
  4130 | D:4      | Found a stormy altar of Qazlal.
  4505 | D:4      | Noticed Blork the orc
  4563 | D:4      | Killed Blork the orc
  4767 | D:4      | Found a glowing silver altar of Zin.
  4847 | D:4      | Reached skill level 5 in Long Blades
  5153 | D:5      | Entered Level 5 of the Dungeon
  5166 | D:5      | Found a hide-covered altar of Uskayaw.
  5166 | D:5      | Found a glowing golden altar of the Shining One.
  5166 | D:5      | Found a snail-covered altar of Cheibriados.
  5337 | D:5      | Gained mutation: Potions are less effective at restoring
                  | your health. [potion of mutation]
  5337 | D:5      | Gained mutation: You have sharp toenails. [potion of
                  | mutation]
  5340 | D:5      | Reached XP level 8. HP: 22/58 MP: 8/8
  5885 | D:5      | Splashed by a jelly's acid

Illustrated notes

Levels and vault maps discovered:
D:1:      amcnicky_arrival_single_pillar, layout_loops_corners,
          nicolae_figureground_sparkle
D:2:      layout_loops_cross
D:3:      minmay_wonky_spiral, layout_loops_cross,
          nicolae_overflow_crystal_walls, serial_shops, nicolae_shop_crystal,
          portal_sewer_entry_d, chequers_serial_rivers_micro_b, chequers_garden,
          minmay_strange_pillars
D:4:      layout_cave_pods, zin_statuary, mainiacjoe_overflow_catwalk,
          nicolae_wu_jian_immortal_techniques, old_standard_altar,
          minmay_temple_entry_junction, saegor_snake_ambush, uniq_blork_the_orc
D:5:      layout_loops_corners, gammafunk_temple_overflow_forgotten,
          serial_glass, glass_columns_b, glass_columns_c
Temple:   grunt_temple_mini_profane

Skill      XL: |  1  2  3  4  5  6  7 |
---------------+----------------------+-----
Long Blades    | 1 2 3 5 |  5.6
Maces & Flails | 1 |  1.4
Dodging        | 2 3 |  3.8
Fighting       | 2 3 |  3.2
Evocations     | 4 |  4.2
Armour         | |  2.0
Stealth        | |  1.0

Action                     |  1- 3 |  4- 6 |  7- 9 || total
---------------------------+-------+-------+-------++-------
  Melee: Club              |    77 |       |       ||    77
         Punch             |     2 |     3 |     1 ||     6
         Falchion          |    59 |   214 |   196 ||   469
         Kick              |       |       |     6 ||     6
  Evoke: Wand              |     7 |     3 |    15 ||    25
    Use: Potion            |       |       |     4 ||     4
 Armour: Leather armour    |    22 |       |       ||    22
         Scale mail        |    54 |   166 |   111 ||   331
  Dodge: Dodged            |   102 |   155 |   117 ||   374
